 Dungeon Crawl Stone Soup version 0.22-a0-458-gb446440d2e (webtiles) character file.

32 Kisurie the Charmwright (level 3, 0/24 HPs)
             Began as a Halfling Skald on June 8, 2018.
             Slain by a jackal (3 damage)
             ... on level 2 of the Dungeon.
             The game lasted 00:03:57 (851 turns).

Kisurie the Charmwright (Halfling Skald)             Turns: 851, Time: 00:03:57

Health: 0/24       AC:  3    Str: 12    XL:     3   Next: 45%
Magic:  5/5        EV: 14    Int: 11    God:
Gold:   99         SH:  0    Dex: 14    Spells: 4/5 levels left

rFire    . . .     SeeInvis .   a - +0 short sword
rCold    . . .     Gourm    .   (shield restricted)
rNeg     . . .     Faith    .   b - +0 leather armour
rPois    .         Spirit   .   (no helmet)
rElec    .         Reflect  .   (no cloak)
rCorr    .         Harm     .   (no gloves)
MR       .....                  (no boots)
Stlth    +.........             (no amulet)
HPRegen  0.08/turn              (no ring)
MPRegen  0.09/turn              (no ring)

@: no status effects
A: small, mutation resistance 1
a: no special abilities


You were on level 2 of the Dungeon.
You were not hungry.

You visited 1 branch of the dungeon, and saw 2 of its levels.

You collected 99 gold pieces.

Inventory:

Hand Weapons
 a - a +0 short sword (weapon)
 c - a +0 hand axe
 l - a +0 dagger
Armour
 b - a +0 leather armour (worn)
Scrolls
 e - 2 scrolls of remove curse {unknown}
 i - a scroll of random uselessness {unknown}
 j - a scroll of enchant armour {unknown}
 k - 2 scrolls of identify {unknown}
 n - a scroll of enchant weapon {unknown}
Potions
 g - a potion of might {unknown}
 h - a potion of haste {unknown}
 m - a potion of lignification {unknown}
Comestibles
 d - 2 rations
 f - 2 chunks of flesh


   Skills:
 + Level 2.1 Fighting
 + Level 2.8 Short Blades
 + Level 1.4 Armour
 + Level 2.4 Dodging
 + Level 0.2 Stealth
 + Level 1.6 Spellcasting
 + Level 3.9 Charms


You had 4 spell levels left.
You knew the following spells:

 Your Spells              Type           Power        Failure   Level  Hunger
a - Infusion              Chrm           #...         8%          1    ##.....

Your spell library contained the following spells:

 Spells                   Type           Power        Failure   Level  Hunger
 Regeneration             Chrm/Necr      #.........   45%         3    ####...
 Shroud of Golubria       Chrm/Tloc      #.........   26%         2    ###....
 Song of Slaying          Chrm           #.......     12%         2    ###....
 Spectral Weapon          Hex/Chrm       #.......     45%         3    ####...


Dungeon Overview and Level Annotations

Branches:
Dungeon (2/15)

Altars:


Innate Abilities, Weirdness & Mutations

You are small and have problems with some larger weapons.
You are somewhat resistant to further mutation.


Message History

The jackal is heavily wounded.
The jackal misses you.
You hit the jackal but do no damage.
The jackal is heavily wounded.
The jackal closely misses you. The jackal completely misses you.
You hit the jackal.
You kill the jackal!
The jackal bites you.
* * * LOW HITPOINT WARNING * * *
You hit the jackal.
The jackal is severely wounded.
The jackal completely misses you.
You closely miss the jackal.
The jackal is severely wounded.
The jackal bites you.
* * * LOW HITPOINT WARNING * * *
You hit the jackal but do no damage.
The jackal is severely wounded.
The jackal misses you. The jackal bites you.
You die...

#.....# ... #.....#....
#...!.#.. ### #.......
### ... #.....# ##..
..#.#.....# ...
#.#.#..g..# #.#
#.#.###h###
#.###.#.###@###.##
######.....#.##.......#
.....#.....#.##..###..#
####.#.....#..#..# #
..............#..#
.#..............(#
.#...#...##.#.##.#
##.#...#.##.#......
#.....#....#<...###


You could see a jackal and a goblin.

Vanquished Creatures
  3 dart slugs
  4 bats (D:1)
  3 giant cockroaches
  5 goblins
  A hobgoblin (D:2)
  2 jackals (D:2)
  4 frilled lizards
  2 kobolds (D:1)
  2 rats
26 creatures vanquished.

Notes
Turn   | Place    | Note
-------+----------+-------------------------------------------
     0 | D:1      | Kisurie the Halfling Skald began the quest for the Orb.
     0 | D:1      | Reached XP level 1. HP: 14/14 MP: 3/3
   220 | D:1      | Reached XP level 2. HP: 19/19 MP: 4/4
   666 | D:1      | Reached XP level 3. HP: 23/24 MP: 5/5
   851 | D:2      | Slain by a jackal

Vault maps used:
D:1:      dpeg_arrival_pits
D:2:      grunt_temple_overflow_diamond, grunt_temple_overflow_open,
          first_ration

Skill      XL: |  1 |
---------------+----+-----
Fighting       | 2 |  2.1
Short Blades   | |  2.8
Armour         | |  1.4
Dodging        | |  2.4
Stealth        | |  0.2
Spellcasting   | |  1.6
Charms         | |  3.9

Action                   || total
-------------------------++-------
Melee: Short sword       ||   101
Armor: Leather armour    ||    27
Dodge: Dodged            ||    88

Table legend:
 A = Spawn XP
 B = Non-spawn XP
 C = Spawn XP percentage of total XP
 D = Spawn monster count
 E = Non-spawn monster count
 F = Spawn count percentage of total count
 G = Total turns spent on level
                    A         B        C        D         E        F      G
               +---------+---------+-------+---------+---------+-------+---------
         Total |       0 |      47 |   0.0 |       0 |      26 |   0.0 |   851
               +---------+---------+-------+---------+---------+-------+---------
           D:1 |       0 |      31 |   0.0 |       0 |      17 |   0.0 |   760
           D:2 |       0 |      16 |   0.0 |       0 |       9 |   0.0 |    91
               +---------+---------+-------+---------+---------+-------+---------
